 Dungeon Crawl Stone Soup version 0.21.0-22-g11d5b52 (webtiles) character file.

91 pstr the Digger (level 4, -5/37 HPs)
             Began as a Naga Earth Elementalist on Jan 18, 2018.
             Slain by Sigmund
             ... wielding a +0 scythe
              (10 damage)
             ... on level 2 of the Dungeon.
             The game lasted 00:06:39 (2899 turns).

pstr the Digger (Naga Earth Elementalist)           Turns: 2899, Time: 00:06:39

Health: -5/37      AC:  2    Str: 10    XL:     4   Next: 57%
Magic:  0/8        EV: 10    Int: 17    God:
Gold:   100        SH:  0    Dex: 11    Spells: 5/9 levels left

rFire    . . .     SeeInvis +   (no weapon)
rCold    . . .     Gourm    .   (no shield)
rNeg     . . .     Faith    .   c - +0 robe
rPois    +         Spirit   .   (no helmet)
rElec    .         Reflect  .   (no cloak)
rCorr    .         Harm     .   (no gloves)
MR       .....                  (no barding)
Stlth    ++........             (no amulet)
HPRegen  0.12/turn              (no ring)
MPRegen  0.11/turn              (no ring)

@: very slightly contaminated, very slow
A: large, see invisible, deformed body, poison resistance, slowness 2, slow
metabolism 1, spit poison 1, AC +1
a: Spit Poison


You were on level 2 of the Dungeon.
You were hungry.

You visited 1 branch of the dungeon, and saw 2 of its levels.

You collected 100 gold pieces.

Inventory:

Missiles
 b - 2 stones (quivered)
Armour
 c - a +0 robe (worn)
 g - a +0 helmet
Jewellery
 f - an uncursed ring of poison resistance {unknown}
Scrolls
 h - a scroll of teleportation {unknown}
 i - a scroll of remove curse {unknown}
 j - a scroll of blinking {unknown}
 k - a scroll of fear {unknown}
 l - a scroll of identify {unknown}
Books
 a - a book of Changes

   Spells                             Type                      Level
   a - Beastly Appendage              Transmutation                1
   b - Sticks to Snakes               Transmutation                2
   c - Spider Form                    Transmutation/Poison         3
   d - Ice Form                       Ice/Transmutation            4
   e - Blade Hands                    Transmutation                5
 e - a book of Geomancy

   Spells                             Type                      Level
   a - Sandblast                      Earth                        1
   b - Passwall                       Transmutation/Earth          2
   c - Stone Arrow                    Conjuration/Earth            3
   d - Petrify                        Transmutation/Earth          4
   e - Lee's Rapid Deconstruction     Earth                        5
Comestibles
 d - 7 rations


   Skills:
 + Level 0.3 Fighting
 + Level 1.8 Dodging
 + Level 3.3 Stealth
 + Level 3.0 Spellcasting
 + Level 0.6 Conjurations
   Level 1.0 Transmutations
 + Level 4.0 Earth Magic


You had 5 spell levels left.
You knew the following spells:

 Your Spells              Type           Power        Failure   Level  Hunger
a - Sandblast             Erth           ###...       3%          1    None
b - Stone Arrow           Conj/Erth      ##....       21%         3    ###....


Dungeon Overview and Level Annotations

Branches:
Dungeon (2/15)

Altars:
Uskayaw

Annotations:
D:2 Sigmund


Innate Abilities, Weirdness & Mutations

You cannot wear boots.
Your serpentine skin is tough. (AC +1)
You have supernaturally acute eyesight. (SInv)
Armour fits poorly on your strangely shaped body.
Your system is resistant to poisons. (rPois)
You cover ground very slowly.
You have a slow metabolism.
You can spit poison.


Message History

Sigmund gestures wildly while chanting.
Sigmund flickers and vanishes for a moment.
Sigmund casts a spell at you. The magic dart hits you!
Casting: Sandblast
Confirm with . or Enter, or press ? or * to list all spells.
You can't see any susceptible monsters within range! (Use Z to cast anyway.) Sigmund points at you and mumbles some strange words.
The puff of flame hits you!
* * * LOW HITPOINT WARNING * * *
Casting: Sandblast
Confirm with . or Enter, or press ? or * to list all spells.
Aiming: Sandblast
Press: ? - help, Shift-Dir - straight line, f/p - Sigmund
Aim: Sigmund, wielding a scythe and wearing a robe (moderately wounded, slightly transparent)
The blast of sand hits Sigmund.
Sigmund is heavily wounded.
b - 2 stones Sigmund hits you from afar with a scythe!
You die...

..######....# ###################
)......#....###..............[...
.......#......#..#...#...#...#...
.......#.....##_.................
.......+......#..#...#...#...#...
.#.....#......#..........).......
.....#........###################
.....#.###............# ..
.....#.# #....@.@.....# ... ...
.....#.# #..#.#####.#.# #.# #...
#....#......#.# .......#.
...#.#####.##@# #.#....#. ####.#
#........... #.#....#.
.....#####.##.......# #.#....#.
.........############ # #.#....#.
########.# ...# .# #.#....#.
#.#.##.#######.# #.#....#.


You could see Sigmund (invisible).

Vanquished Creatures
  Natasha (D:2)
  2 adders
  2 dart slugs (D:1)
  2 giant cockroaches (D:1)
  3 hobgoblins (D:2)
  9 kobolds
  A quokka (D:2)
  10 bats
  4 frilled lizards
  6 goblins
  7 rats
47 creatures vanquished.

Notes
Turn   | Place    | Note
-------+----------+-------------------------------------------
     0 | D:1      | pstr the Naga Earth Elementalist began the quest for the Orb.
     0 | D:1      | Reached XP level 1. HP: 15/15 MP: 3/3
   185 | D:1      | Reached XP level 2. HP: 22/22 MP: 1/5
   971 | D:1      | Reached XP level 3. HP: 28/28 MP: 4/6
   976 | D:1      | Learned a level 3 spell: Stone Arrow
  2149 | D:2      | Noticed Natasha
  2158 | D:2      | Killed Natasha
  2158 | D:2      | Reached skill level 4 in Earth Magic
  2158 | D:2      | Reached XP level 4. HP: 27/36 MP: 0/8
  2290 | D:2      | Found a hide-covered altar of Uskayaw.
  2886 | D:2      | Noticed Sigmund
  2899 | D:2      | Slain by Sigmund

Skill      XL: |  1  2  3  4 |
---------------+-------------+-----
Earth Magic    | 4 |  4.0
Spellcasting   | 3 |  3.0
Fighting       | |  0.3
Dodging        | |  1.8
Stealth        | |  3.3
Conjurations   | |  0.6
Transmutations | |  1.0

Action                   |  1- 3 |  4- 6 || total
-------------------------+-------+-------++-------
Melee: Unarmed           |     2 |       ||     2
 Cast: Sandblast         |    38 |     6 ||    44
       Stone Arrow       |    15 |    11 ||    26
 Abil: Spit Poison       |    14 |     2 ||    16
  Eat: Chunk             |     6 |     2 ||     8
Armor: Robe              |    16 |     2 ||    18
Dodge: Dodged            |    28 |     7 ||    35
